 Dungeon Crawl Stone Soup version 0.23-a0-241-g3b46b07 (webtiles) character file.

1901 DudePakas the Cleaver (level 9, 0/45 HPs)
             Began as a Gargoyle Fighter on Sept 26, 2018.
             Was a Believer of Hepliaklqana.
             Slain by an orc warrior
             ... wielding a +0 dire flail
              (13 damage)
             ... on level 6 of the Dungeon.
             The game lasted 00:15:40 (5078 turns).

DudePakas the Cleaver (Gargoyle Fighter)            Turns: 5078, Time: 00:15:41

Health: 0/45       AC: 18    Str: 24    XL:     9   Next: 15%
Magic:  14/14      EV: 10    Int:  9    God:    Hepliaklqana [**....]
Gold:   253        SH: 10    Dex: 16    Spells: 8/8 levels left

rFire    . . .     SeeInvis .   a - +0 war axe
rCold    . . .     Gourm    .   c - +0 shield
rNeg     + . .     Faith    .   r - +0 chain mail (curse)
rPois    ∞         Spirit   .   d - +2 hat
rElec    +         Reflect  .   (no cloak)
rCorr    .         Harm     .   i - +0 pair of gloves
MR       .....                  (no boots)
Stlth    ..........             (no amulet)
HPRegen  0.15/turn              j - +3 ring of strength
MPRegen  0.14/turn              (no ring)

@: agile
A: reduced essence, negative energy resistance 1, electricity resistance,
unbreathing, petrification resistance, rot immunity, AC +6
a: Recall Ancestor, Ancestor Identity, Renounce Religion


You were on level 6 of the Dungeon.
You worshipped Hepliaklqana.
Hepliaklqana was pleased with you.
You were not hungry.

You visited 1 branch of the dungeon, and saw 6 of its levels.
You also visited: Ossuary.

You collected 253 gold pieces.

Inventory:

Hand Weapons
 a - a +0 war axe (weapon)
 k - a +0 hunting sling
Missiles
 e - 131 stones (quivered)
 o - 42 sling bullets
Armour
 c - a +0 shield (worn)
 d - a +2 hat (worn)
 i - a +0 pair of gloves (worn)
 r - a cursed +0 chain mail (worn)
Jewellery
 j - a +3 ring of strength (left hand)
Wands
 l - a wand of random effects (34)
Scrolls
 b - a scroll of magic mapping
 g - 5 scrolls of remove curse
 q - 4 scrolls of teleportation
Potions
 h - 3 potions of heal wounds
 m - 2 potions of might
 n - a potion of agility
 s - a potion of flight
 t - 2 potions of brilliance
 v - a potion of magic {unknown}
Comestibles
 f - 9 rations
 p - 3 chunks of flesh


   Skills:
 - Level 3.2 Fighting
 * Level 9.1 Axes
 - Level 3.2 Armour
 - Level 3.2 Shields
 + Level 6.9 Invocations


You had 8 spell levels left.
You didn't know any spells.
Your spell library was empty.

Dungeon Overview and Level Annotations

Branches:
Dungeon (6/15)
 Temple: D:4-7

Altars:
Hepliaklqana
Xom
Yredelemnul


Innate Abilities, Weirdness & Mutations

You are resistant to torment.
Your stone body is resilient. (AC +6)
You are immune to poison.
You resist negative energy. (rN+)
You are resistant to electric shocks. (rElec)
You can survive without breathing.
You are immune to petrification.
You are immune to rotting.
Your life essence is reduced to manifest your ancestor. (-10% HP)


Message History

You kill the orc!
You hit the bullfrog skeleton. You completely miss the orc warrior.
The bullfrog skeleton hits you but does no damage.
The orc warrior hits you with a dire flail.
* * * LOW HITPOINT WARNING * * *
You block the bullfrog skeleton's attack.
Things that are here:
a dagger; an uncursed shortbow; 16 arrows
Okay, then.
You hit the orc warrior but do no damage.
The orc warrior is moderately wounded.
You hit the bullfrog skeleton.
You block the bullfrog skeleton's attack. x2
The quokka barely misses you.
You completely miss the orc warrior.
The orc warrior is moderately wounded.
You hit the bullfrog skeleton but do no damage.
You closely miss the quokka.
The orc warrior hits you with a dire flail!
You die...

..............
#.#.............
#[#............
##...<..........
##...............
...............
#............r#
......?.....)@#
#.........(.Zo#
#.........((.(#
###...........###
..........:.#.##
#............#
#.........>#/.#
#..........##...
#......<...# ##.#


You could see an orc warrior, a quokka and a bullfrog skeleton.

Vanquished Creatures
  Sigmund (D:2)
  A necrophage (D:5)
  An ogre (D:5)
  An elf zombie (Ossuary)
  A bullfrog (D:6)
  A centaur zombie (Ossuary)
  A bullfrog zombie (D:5)
  A crimson imp (D:6)
  A jelly (D:6)
  A hound (D:6)
  3 orc wizards
  Natasha (D:3)
  An iguana (D:4)
  3 worker ants
  A killer bee zombie (D:5)
  4 big kobold zombies (Ossuary)
  A hound skeleton (D:6)
  2 mummies (Ossuary)
  A howler monkey skeleton (D:5)
  Robin (D:4)
  4 gnolls (D:5)
  3 adders
  2 shadow imps (D:5)
  An ooze (D:2)
  2 worms
  2 dart slugs
  12 orcs
  A ball python (D:1)
  6 bats
  6 giant cockroaches
  7 hobgoblins
  3 quokkas
  5 frilled lizards
  13 goblins
  A goblin zombie (D:5)
  6 hobgoblin zombies (Ossuary)
  2 jackal zombies
  4 kobolds
  8 kobold zombies (Ossuary)
  A leopard gecko skeleton (D:5)
  7 orc zombies (Ossuary)
  A quokka zombie (D:5)
  8 rats
  A rat zombie (Ossuary)
134 creatures vanquished.

Vanquished Creatures (collateral kills)
  Prince Ribbit (D:5)
  Eustachio (D:5)
  An ogre (D:4)
  A centaur (D:6)
  A bullfrog zombie (D:5)
  Natasha (twice) (D:3)
  3 orc wizards (D:5)
  A worker ant (D:6)
  An adder (D:3)
  An adder zombie (Ossuary)
  A worm (D:3)
  An orc (D:6)
  A ball python (D:3)
  3 bats
  2 giant cockroaches
  A goblin (D:4)
  A kobold (D:3)
  A quokka (D:3)
  2 hobgoblin zombies (Ossuary)
  5 orc zombies (Ossuary)
  A quokka zombie (D:5)
  2 rats
  2 butterflies (D:2)
36 creatures vanquished.

Vanquished Creatures (others)
  2 knights
  A plant (D:2)
3 creatures vanquished.

Grand Total: 173 creatures vanquished

Notes
Turn   | Place    | Note
-------+----------+-------------------------------------------
     0 | D:1      | DudePakas the Gargoyle Fighter began the quest for the Orb.
     0 | D:1      | Reached XP level 1. HP: 14/14 MP: 1/1
    79 | D:1      | Reached skill level 2 in Axes
   258 | D:1      | Reached XP level 2. HP: 19/19 MP: 2/2
   740 | D:2      | Reached skill level 3 in Axes
   746 | D:2      | Reached XP level 3. HP: 23/23 MP: 3/3
   810 | D:2      | Found a shimmering altar of Xom.
   905 | D:2      | Found a faded altar of an unknown god.
   911 | D:2      | Became a worshipper of Hepliaklqana the Forgotten
   911 | D:2      | Reached * piety under Hepliaklqana
   985 | D:2      | Noticed Sigmund
  1234 | D:2      | Killed Sigmund
  1234 | D:2      | Reached skill level 4 in Axes
  1234 | D:2      | Reached XP level 4. HP: 6/25 MP: 3/5
  1234 | D:2      | Reached XP level 5. HP: 7/28 MP: 3/6
  2060 | D:3      | Noticed Natasha
  2075 | D:3      | Reached XP level 6. HP: 33/33 MP: 5/7
  2122 | D:3      | Reached skill level 5 in Axes
  2170 | D:3      | Killed Natasha
  2257 | D:3      | Noticed Natasha
  2272 | D:3      | Killed Natasha
  2287 | D:3      | Noticed Natasha
  2298 | D:3      | Killed Natasha
  2673 | D:3      | Reached ** piety under Hepliaklqana
  2674 | D:3      | Remembered your ancestor Zayda as a knight
  3224 | D:4      | Noticed Robin
  3237 | D:4      | Killed Robin
  3286 | D:4      | Reached XP level 7. HP: 36/36 MP: 9/9
  3305 | D:4      | Reached skill level 6 in Axes
  3557 | D:4      | Found a basalt altar of Yredelemnul.
  3837 | D:5      | Entered Level 5 of the Dungeon
  3897 | D:5      | Noticed Eustachio
  3911 | D:5      | Killed Eustachio
  3988 | D:5      | Reached XP level 8. HP: 41/41 MP: 11/11
  3992 | D:5      | Reached skill level 7 in Axes
  4016 | D:5      | Found a sand-covered staircase.
  4032 | D:5      | Reached skill level 5 in Invocations
  4038 | Ossuary  | Entered an ossuary
  4367 | D:5      | Noticed Prince Ribbit
  4402 | D:5      | Killed Prince Ribbit
  4402 | D:5      | Reached skill level 8 in Axes
  5044 | D:6      | Reached XP level 9. HP: 29/45 MP: 13/13
  5065 | D:6      | Reached skill level 9 in Axes
  5078 | D:6      | Slain by an orc warrior

Vault maps used:
D:1:      minmay_arrival_plants_in_alcoves, minmay_tripent
D:2:      xom_butterflies, chequers_ecumenical_altar_lobes, minmay_pentomino_v2,
          uniq_sigmund
D:3:      nrook_loot_triangle, uniq_natasha
D:4:      kennysheep_little_box, kennysheep_generic_room_2, uniq_robin
D:5:      enter_ossuary_4, first_ration, minmay_misc_feat_room,
          minmay_misc_feat_rugged, uniq_prince_ribbit1, uniq_eustachio
D:6:      minmay_temple_entry_junction_2, basic_altar
Ossuary:  ossuary_tomb_1

Skill      XL: |  1  2  3  4  5  6  7  8  9 |
---------------+----------------------------+-----
Axes           | 2 3 4 5 6 8 9 |  9.1
Invocations    | 2 3 4 6 |  6.9
Fighting       | |  3.2
Armour         | |  3.2
Shields        | |  3.2

Action                   |  1- 3 |  4- 6 |  7- 9 || total
-------------------------+-------+-------+-------++-------
Melee: War axe           |    88 |   175 |   275 ||   538
 Fire: Hunting sling     |       |       |     2 ||     2
Throw: Stone             |       |     2 |       ||     2
Invok: Ancestor Identity |     1 |       |       ||     1
       Recall Ancestor   |       |     1 |       ||     1
       Ancestor Life: Kn |       |     1 |       ||     1
  Use: Potion            |     1 |       |     2 ||     3
       Scroll            |       |     5 |     4 ||     9
 Stab: Distracted        |       |     1 |       ||     1
  Eat: Chunk             |       |     8 |     6 ||    14
Armor: Scale mail        |    46 |   119 |       ||   165
       Chain mail        |       |    13 |   162 ||   175
Dodge: Dodged            |    24 |    69 |    48 ||   141
Block: Shield            |    43 |    87 |   114 ||   244

Table legend:
 A = Non-vault XP
 B = Vault XP
 C = Vault XP percentage of total XP
 D = Non-vault monster count
 E = Vault monster count
 F = Vault count percentage of total count
                 A         B        C        D         E       F
            +---------+---------+-------+---------+---------+-------
      Total |    1619 |    1098 |  40.4 |     111 |      57 |  33.9
            +---------+---------+-------+---------+---------+-------
        D:1 |      25 |       3 |  10.7 |      14 |       2 |  12.5
        D:2 |      52 |     231 |  81.6 |      20 |       3 |  13.0
        D:3 |     141 |      36 |  20.3 |      27 |       1 |   3.6
        D:4 |     246 |      27 |   9.9 |       7 |       8 |  53.3
        D:5 |     659 |     484 |  42.3 |      27 |       4 |  12.9
        D:6 |     496 |       0 |   0.0 |      16 |       0 |   0.0
    Ossuary |       0 |     317 | 100.0 |       0 |      39 | 100.0
            +---------+---------+-------+---------+---------+-------
